 Dungeon Crawl Stone Soup version 0.23.2-1-ga50397a (webtiles) character file.

Game seed: 10078701458674064112

231 HASTUR3 the Covert (level 6, 0/56 HPs)
             Began as a Naga Monk on May 30, 2019.
             Slain by an ice beast (4 damage)
             ... on level 3 of the Dungeon.
             The game lasted 00:13:30 (2890 turns).

HASTUR3 the Covert (Naga Monk)                      Turns: 2890, Time: 00:13:30

Health: 0/56       AC:  8    Str: 15    XL:     6   Next: 3%
Magic:  6/6        EV:  8    Int: 10    God:
Gold:   124        SH:  0    Dex: 14    Spells: 5/5 levels left

rFire    . . .     SeeInvis +   g - +0 dagger
rCold    . . .     Gourm    .   (no shield)
rNeg     . . .     Faith    .   b - +0 robe
rPois    +         Spirit   .   (no helmet)
rElec    .         Reflect  .   (no cloak)
rCorr    .         Harm     .   (no gloves)
MR       .....                  i - +1 naga barding
Stlth    ++++......             (no amulet)
HPRegen  0.18/turn              (no ring)
MPRegen  0.10/turn              (no ring)

@: flying, very slow
A: large, see invisible, deformed body, poison resistance, slowness 2, slow
metabolism 1, spit poison 1, AC +2
a: Spit Poison


You were on level 3 of the Dungeon.
You were not hungry.

You visited 1 branch of the dungeon, and saw 4 of its levels.

You collected 124 gold pieces.

Inventory:

Hand Weapons
 g - a +0 dagger (weapon)
Armour
 b - a +0 robe (worn)
 i - a +1 naga barding (worn)
Scrolls
 f - 2 scrolls of identify
 h - a scroll of teleportation
 j - a scroll of remove curse
 l - 3 scrolls of enchant armour
Comestibles
 c - 5 rations


   Skills:
 + Level 3.0 Fighting
 + Level 3.0 Short Blades
 - Level 2.4 Dodging
 - Level 9.5 Stealth


You had 5 spell levels left.
You didn't know any spells.
Your spell library was empty.

Dungeon Overview and Level Annotations

Branches:
Dungeon (4/15)
 Temple: D:4-7

Altars:


Innate Abilities, Weirdness & Mutations

You cannot wear boots.
Your serpentine skin is tough. (AC +2)
You have supernaturally acute eyesight. (SInv)
Armour fits poorly on your strangely shaped body.
Your system is resistant to poisons. (rPois)
You cover ground very slowly.
You have a slow metabolism.
You can spit poison.


Message History

The ice beast hits you but does no damage. x2
The ice beast hits you. The ice beast freezes you.
There is a stone staircase leading up here.
Press: ? - help, Shift-Dir - straight line, f - ice beast
Aim: an ice beast (lightly wounded)
The splash of poison hits the ice beast.
The ice beast is lightly wounded.
You feel slightly more hungry. The ice beast hits you.
The ice beast freezes you!
* * * LOW HITPOINT WARNING * * *
You have got your breath back.
The ice beast hits you but does no damage.
The ice beast hits you but does no damage.
The ice beast hits you.
* * * LOW HITPOINT WARNING * * *
The ice beast freezes you!
* * * LOW HITPOINT WARNING * * *
The ice beast barely misses you. The ice beast hits you.
You die...

#.....# #.....# #.....# ### #
#.[...# ########..###.. .. #
#.....###..........^..##..
..##..........###.....##.....
#............(##..##..#......
####.............####........
######.........Y@....รท..........
....#..................).$...)..
....#...........................
.......###..##..######..........
....#######.#...# #####......
................# ......
.......#####....##### .....
....>....#...>......### ##.#.
.@.....#............#.. ...


You could see an ice beast.

Vanquished Creatures
  Sigmund (D:3)
  3 adders
  2 oozes
  A worm (D:2)
  2 leopard geckos (D:2)
  5 bats
  A giant cockroach (D:1)
  6 hobgoblins
  4 jackals (D:1)
  4 ball pythons
  5 frilled lizards
  7 goblins
  A kobold (D:3)
  5 rats
47 creatures vanquished.

Notes
Turn   | Place    | Note
-------+----------+-------------------------------------------
     0 | D:1      | HASTUR3 the Naga Monk began the quest for the Orb.
     0 | D:1      | Reached XP level 1. HP: 21/21 MP: 1/1
   143 | D:1      | Reached skill level 4 in Stealth
   143 | D:1      | Reached XP level 2. HP: 18/28 MP: 2/2
   420 | D:1      | Reached skill level 5 in Stealth
   648 | D:1      | Reached XP level 3. HP: 34/34 MP: 3/3
   952 | D:2      | Found a faded altar of an unknown god.
  1024 | D:2      | Reached skill level 6 in Stealth
  1475 | D:2      | Reached XP level 4. HP: 30/42 MP: 4/4
  1612 | D:3      | Noticed Sigmund
  2083 | D:3      | Reached skill level 7 in Stealth
  2308 | D:3      | HP: 1/42 [Sigmund/puff of flame (4)]
  2309 | D:3      | Killed Sigmund
  2309 | D:3      | Reached skill level 9 in Stealth
  2309 | D:3      | Reached XP level 5. HP: 1/49 MP: 5/5
  2309 | D:3      | Reached XP level 6. HP: 1/56 MP: 6/6
  2666 | D:3      | Noticed an ice beast
  2890 | D:3      | Slain by an ice beast

Skill      XL: |  1  2  3  4 |
---------------+-------------+-----
Stealth        | 4 5 6 9 |  9.5
Fighting       | |  3.0
Short Blades   | |  3.0
Dodging        | |  2.4

Action                   |  1- 3 |  4- 6 || total
-------------------------+-------+-------++-------
Melee: Short sword       |    25 |       ||    25
       Dagger            |    51 |   113 ||   164
 Abil: Spit Poison       |    18 |     8 ||    26
  Use: Potion            |       |     9 ||     9
       Scroll            |       |     8 ||     8
 Stab: Sleeping          |     5 |     1 ||     6
  Eat: Chunk             |     2 |     4 ||     6
Armor: Robe              |    27 |    51 ||    78
Dodge: Dodged            |    38 |    64 ||   102
